 Dungeon Crawl Stone Soup version 0.28-a0-1114-g8eb0198dcf (webtiles) character file.

Game seed: 7451550108296979530

102 Froggeryz the Insei (level 4, 0/35 HPs)
             Began as a Draconian Transmuter on Dec 11, 2021.
             Killed from afar by Sigmund (4 damage)
             ... with a puff of flame
             ... on level 3 of the Dungeon.
             The game lasted 00:01:50 (2091 turns).

Froggeryz the Insei (Draconian Transmuter)          Turns: 2091, Time: 00:01:50

Health: 0/35       AC:  7    Str: 18    XL:     4   Next: 49%
Magic:  7/7        EV: 12    Int: 14    God:
Gold:   98         SH:  0    Dex: 13    Spells: 6/7 levels left

rFire   + . .      SeeInvis .     - Unarmed
rCold   . . .      Faith    .   (no shield)
rNeg    . . .      Spirit   .   (armour unavailable)
rPois   .          Reflect  .   (helmet currently unavailable)
rElec   .          Harm     .   l - +1 cloak
rCorr   .          Rampage  .   (no gloves)
Will    .....                   (boots currently unavailable)
Stlth   +.........              (no amulet)
HPRegen 0.11/turn               f - ring of protection from fire
MPRegen 0.10/turn               e - +6 ring of strength

@: appendages (expiring)
A: horns 2, talons 2, AC +5, unfitting armour, cold-blooded
a: End Transformation


You were on level 3 of the Dungeon.
You had temporarily grown beastly horns and talons.
You visited 1 branch of the dungeon, and saw 3 of its levels.

You collected 98 gold pieces.

Inventory:

Missiles
 i - 3 atropa-tipped darts
 m - a throwing net
Armour
 l - a +1 cloak (worn)
Jewellery
 e - a +6 ring of strength (right hand)
 f - a ring of protection from fire (left hand)
Scrolls
 b - a scroll of blinking {unknown}
 c - a scroll of noise {unknown}
 d - 3 scrolls of identify {unknown}
 g - a scroll of enchant weapon {unknown}
 h - 2 scrolls of teleportation {unknown}
 j - a scroll of immolation {unknown}
Potions
 a - 2 potions of lignification {unknown}
 k - a potion of brilliance {unknown}


   Skills:
 - Level 1.1 Fighting
 + Level 2.4 Dodging
 + Level 0.1 Stealth
 * Level 4.9 Unarmed Combat
 - Level 2.0 Spellcasting
 - Level 2.0 Transmutations


You had 6 spell levels left.
You knew the following spells:

 Your Spells              Type           Power      Damage    Failure   Level
a - Beastly Appendage     Tmut           14%        N/A       11%         1

Your spell library contained the following spells:

 Spells                   Type           Power      Damage    Failure   Level
 Wereblood                Tmut           7%         N/A       16%         2
 Spider Form              Tmut/Pois      4%         N/A       43%         3
 Ice Form                 Ice/Tmut       4%         N/A       83%         4


Dungeon Overview and Level Annotations

Branches:
Dungeon (3/15)

Altars:

Annotations:
D:3 Sigmund


Innate Abilities, Weirdness & Mutations

You have temporarily grown beastly horns and talons.
Your plain brown scales are hard. (AC +5)
You cannot fit into any form of body armour.
You are cold-blooded and may be slowed by cold attacks.


Message History

Sigmund the Dreaded comes into view.
He is wielding a +2 scythe of venom, wearing a +2 robe of positive energy and carrying a wand of flame (19).
Things that are here:
a +0 dagger; 4 stones; a kobold corpse Sigmund casts a spell at you.
The magic dart hits you.
Sigmund is nearby!
You grow a pair of large bovine horns.
Your feet morph into talons.
Sigmund says, "Now you see me, now you don't..."
Sigmund casts a spell at you. You resist with some effort.
Sigmund says, "Your kind have come here before.
I understand now why.
You desire death..."
Sigmund hits you from afar with a +2 scythe of venom!
Sigmund casts a spell at you. The magic dart hits you!
You are too injured to fight recklessly!
You are too injured to fight recklessly!
You hit Sigmund but do no damage. Your kick misses Sigmund.
Your headbutt misses Sigmund.
Your tail-slap misses Sigmund.
Sigmund hits you with a +2 scythe of venom.
You are poisoned.
You closely miss Sigmund. You claw Sigmund, but do no damage.
You feel sick.
You barely miss Sigmund. Your kick misses Sigmund. You headbutt Sigmund.
Sigmund is lightly wounded.
You feel sick.
Sigmund zaps a wand.
The puff of flame hits you. You resist.
* * * LOW HITPOINT WARNING * * *
Your transformation is almost over.
You feel sick.
Sigmund points at you and mumbles some strange words.
You resist with some effort.
You feel sick.
Sigmund casts a spell.
Sigmund flickers and vanishes!
Deactivating autopickup; reactivate with Ctrl-A.
You feel sick.
You feel sick.
You are no longer poisoned.
You hear a zap.
A puff of flame appears from out of thin air!
The puff of flame hits you. You resist.
You die...

#.# ... #.# #.#
#.# #.#
############.##
...........{..#
######@####).#
##<## #..#
##...###..##
#.#........#
##.#.###...#
##)## #...# ###
#...# #.!.#
....#


There were no monsters in sight!

Vanquished Creatures
  Crazy Yiuf (D:2)
  4 adders (D:2)
  2 worms (D:2)
  2 ball pythons (D:1)
  3 endoplasms
  6 goblins
  2 hobgoblins (D:1)
  2 jackals (D:2)
  2 quokkas (D:1)
  2 bats (D:1)
  3 frilled lizards
  2 kobolds
  A rat (D:2)
32 creatures vanquished.

Notes
Turn   | Place    | Note
-------+----------+-------------------------------------------
     0 | D:1      | Froggeryz the Draconian Transmuter began the quest for the
                  | Orb.
     0 | D:1      | Reached XP level 1. HP: 16/16 MP: 3/3
   253 | D:1      | Reached XP level 2. HP: 18/23 MP: 5/5
   985 | D:2      | Reached skill level 4 in Unarmed Combat
   990 | D:2      | Reached XP level 3. HP: 25/28 MP: 6/6
  1499 | D:2      | Found a runed translucent door.
  1500 | D:2      | Noticed Crazy Yiuf
  1780 | D:2      | Noticed a phantom
  1854 | D:2      | Reached XP level 4. HP: 35/35 MP: 7/7
  2040 | D:2      | Killed Crazy Yiuf
  2075 | D:3      | Noticed Sigmund
  2091 | D:3      | Killed from afar by Sigmund

Illustrated notes

Levels and vault maps discovered:
D:1:      elethiomel_arrival_maze, layout_rooms,
          amcnicky_mini_rare_corridor_liquid
D:2:      layout_loops_cross, uniq_crazy_yiuf_cottage
D:3:      layout_loops_ring, kiku_gazebo_pond_becter, ebering_ghost_sewer_d,
          item_on_display_a, uniq_terence, uniq_sigmund

Skill      XL: |  1  2  3 |
---------------+----------+-----
Unarmed Combat | 4 |  4.9
Dodging        | 2 |  2.4
Fighting       | |  1.1
Stealth        | |  0.1
Spellcasting   | |  2.0
Transmutations | |  2.0

Action                   |  1- 3 |  4- 6 || total
-------------------------+-------+-------++-------
Melee: Unarmed           |   110 |     6 ||   116
       Tailslap          |    15 |     1 ||    16
       Kick              |     7 |     2 ||     9
       Headbutt          |     5 |     3 ||     8
 Cast: Beastly Appendage |     7 |     2 ||     9
Armor: Skin              |    36 |     2 ||    38
Dodge: Dodged            |    72 |       ||    72

Table legend: (Time is in decaauts)
 A = Elapsed time spent in this place.
 B = Non-inter-level travel time spent in this place.
 C = Inter-level travel time spent in this place.
 D = Time resting spent in this place.
 E = Time spent auto-exploring this place.
 F = Levels seen in this place.
 G = Mean time per level.
                   A        B        C        D        E       F      G
               +--------+--------+--------+--------+--------+-----+--------+
         Total |   2087 |   1990 |     97 |    192 |   1485 |   3 |  695.7 |
       Dungeon |   2087 |   1990 |     97 |    192 |   1485 |   3 |  695.7 |
               +--------+--------+--------+--------+--------+-----+--------+

Top non-repeatable levels by time:
     D:2: 1068 daAuts
     D:1: 989 daAuts
     D:3: 28 daAuts
